 Dungeon Crawl Stone Soup version 0.28.0-53-g5a82cb258f (webtiles) character file.

Game seed: 17456515017513956342

31 Sin92 the Skirmisher (level 3, -6/29 HPs)
             Began as a Demonspawn Fighter on June 12, 2022.
             Mangled by an orc priest
             ... wielding a +0 flail
              (8 damage)
             ... on level 3 of the Dungeon.
             The game lasted 00:01:13 (1632 turns).

Sin92 the Skirmisher (Demonspawn Fighter)           Turns: 1632, Time: 00:01:14

Health: -6/29      AC:  6    Str: 16    XL:     3   Next: 7%
Magic:  3/3        EV:  9    Int:  9    God:
Gold:   40         SH:  5    Dex: 14    Spells: 2/2 levels left

rFire   . . .      SeeInvis .   a - +0 war axe
rCold   . . .      Faith    .   c - +0 buckler
rNeg    . . .      Spirit   .   b - +0 scale mail
rPois   .          Reflect  .   (no helmet)
rElec   .          Harm     .   (no cloak)
rCorr   .          Rampage  .   (no gloves)
Will    .....                   (no boots)
Stlth   ..........              (no amulet)
HPRegen 0.09/turn               (no ring)
MPRegen 0.08/turn               (no ring)

@: invisible
A: foul stench 1
a: no special abilities


You were on level 3 of the Dungeon.
You visited 1 branch of the dungeon, and saw 3 of its levels.

You collected 40 gold pieces.

Inventory:

Hand Weapons
 a - a +0 war axe (weapon)
Armour
 b - a +0 scale mail (worn)
 c - a +0 buckler (worn)
Scrolls
 e - 2 scrolls of identify {unknown}
 h - a scroll of fog {unknown}
 k - a scroll of noise {unknown}
Potions
 d - 2 potions of might
 f - a potion of attraction {unknown}
 g - a potion of invisibility
 i - a potion of cancellation {unknown}
 j - a potion of degeneration {unknown}


   Skills:
 + Level 3.2 Fighting
 + Level 2.1 Axes
 + Level 3.0 Armour
 + Level 0.8 Dodging
 + Level 3.0 Shields


You had 2 spell levels left.
You didn't know any spells.
Your spell library was empty.

Dungeon Overview and Level Annotations

Branches:
Dungeon (3/15)

Altars:
Ru

Shops:
D:3 :


Innate Abilities, Weirdness & Mutations

You may rarely emit foul miasma when damaged in melee.


Message History

The hobgoblin shouts!
You hit the orc priest.
The orc priest is moderately wounded.
The hobgoblin throws a stone.
The stone hits you.
The orc priest hits you but does no damage.
An orc comes into view. It is wielding a +0 dagger of speed.
There are monsters nearby!
You barely miss the orc priest.
The orc priest is moderately wounded.
The orc shouts!
You hear a shout!
An orc comes into view. It is wielding a +0 short sword.
The orc priest invokes the aid of Beogh against you.
Beogh smites you!
Ouch! That really hurt!
The orc priest casts a cantrip, but nothing happens.
The orc moves out of view.
You hear a shout!
An orc comes into view. It is wielding a +0 short sword.
You are too injured to fight recklessly!
You barely miss the orc priest.
The orc priest is moderately wounded.
The orc priest misses you.
An orc comes into view. It is wielding a +0 falchion.
You barely miss the orc priest.
The orc priest is moderately wounded.
The orc priest hits you with a +0 flail!
* * * LOW HITPOINT WARNING * * *
The hobgoblin throws a stone.
The stone barely misses you.
The orc priest hits you with a +0 flail.
* * * LOW HITPOINT WARNING * * *
You hit the orc priest but do no damage.
The orc priest is moderately wounded.
An orc comes into view. It is wielding a +0 short sword.
The orc priest hits you but does no damage.
An orc wizard comes into view.
It is wielding a +1 dagger of holy wrath.
Unknown command.
It was a potion of invisibility.
You fade into invisibility!
The orc priest hits you with a +0 flail!
You die...

_#.#...###... ####...#
#....... .. .#.#...#
#.....o# ...
.#.....###.##.#o# ...o
'#'###..##.##.#.####.#..
.#...#..#......o......
.....#..#..#.#..#..o
...####....#.#(g#o#
.....#..........@.#
.....#.(#.##....###
..#..####.......# #.##.#
#####†....... #.# .#
#...###### ... # #...#
#.## #...# .. #.... .
#...##


You could see an orc priest, an orc wizard, 4 orcs and a hobgoblin.

Vanquished Creatures
  2 endoplasms
  3 giant cockroaches (D:1)
  3 goblins
  4 hobgoblins
  4 ball pythons
  A bat (D:1)
  3 frilled lizards (D:1)
  5 kobolds
  6 rats
31 creatures vanquished.

Notes
Turn   | Place    | Note
-------+----------+-------------------------------------------
     0 | D:1      | Sin92 the Demonspawn Fighter began the quest for the Orb.
     0 | D:1      | Reached XP level 1. HP: 18/18 MP: 1/1
   321 | D:1      | Gained mutation: You may rarely emit foul miasma when
                  | damaged in melee. [demonic ancestry]
   321 | D:1      | Reached XP level 2. HP: 22/24 MP: 2/2
   694 | D:1      | Found a faded altar of an unknown god.
  1446 | D:2      | You fall into a shaft and drop 1 floor!
  1464 | D:3      | Found Xaoph's Book Shop.
  1562 | D:3      | Found a sacrificial altar of Ru.
  1564 | D:3      | Reached XP level 3. HP: 29/29 MP: 3/3
  1630 | D:3      | HP: 1/29 [orc priest/+0 flail (1)]
  1632 | D:3      | Mangled by an orc priest

Illustrated notes

Levels and vault maps discovered:
D:1:      shiori_arrival_oz, layout_basic, basic_ecumenical_altar
D:2:      layout_rooms, serial_shops, shop
D:3:      layout_loops_cross, lemuel_doored_altar, okawaru_gym_becter,
          hangedman_ru_absence, serial_shops, nicolae_shop_hallway_stairs,
          serial_bayou_lagoon_b

Skill      XL: |  1  2  3 |
---------------+----------+-----
Axes           | 2 |  2.1
Armour         | 3 |  3.0
Shields        | 3 |  3.0
Fighting       | |  3.2
Dodging        | |  0.8

Action                   || total
-------------------------++-------
Melee: War axe           ||    79
  Use: Potion            ||     1
Armor: Scale mail        ||    44
Dodge: Dodged            ||    41
Block: Buckler           ||    22
